AoeStats
← bthi68153

Arena

510547437Analyzed
4v4 RM · 1d ago on Oct 1, 2026· 49m 7s· 8 players
Game mode
Random Map
Map size
Large (8 player)
Population
200
Speed
Normal
Resources
Standard
Victory
Conquest
Starting age
Dark Age
Ending age
Imperial Age
RankedLock teamsTeams togetherTeam positionsShared explorationLock speedFull tech treeHidden civsTurbo modeCheats
Victory
Defeat
🇻🇳 Wei · Vietnam
1225
+13
🇻🇳 Teutons · Vietnam
1204
+14
🇻🇳 Lithuanians · Vietnam
1145
+16
🇩🇪 Persians · Germany
1139
+16
🇨🇳 Poles · China
1211
-17
🇹🇼 Chinese · Taiwan
1171
-16
🇻🇳 Mongols · Vietnam
1133
-14
🇨🇳 Britons · China
1094
-12
蛋雕
0:25 Loom
11:01 Feudal Age
13:24 Double-Bit Axe
13:21 Horse Collar
15:05 Wheelbarrow
18:34 Castle Age
16:59 Horse Collar
17:26 Fletching
18:00 Gold Mining
20:23 Bow Saw
21:08 Gold Shaft Mining
21:32 Town Watch
25:01 Imperial Age
23:25 Bodkin Arrow
26:38 Bracer
29:48 Two-Man Saw
34:41 Ballistics
36:49 Chemistry
36:21 Conscription
37:51 Great Wall
38:45 Thumb Ring
39:12 Masonry
39:46 Padded Archer Armor
41:06 Leather Archer Armor
41:20 Murder Holes
41:35 Fortified Wall
43:00 Architecture
44:22 Ring Archer Armor
46:16 Fortified Wall
46:19 Elite Chu Ko Nu
47:38 Scale Mail Armor
47:48 Forging
49:37 Coinage
49:28 Chain Mail Armor
49:48 Iron Casting
nguyenhoanglan060
11:36 Feudal Age
16:06 Castle Age
14:04 Double-Bit Axe
14:10 Horse Collar
17:10 Bow Saw
18:03 Heavy Plow
21:50 Wheelbarrow
25:12 Bloodlines
25:02 Husbandry
24:25 Light Cavalry
25:39 Hand Cart
28:48 Imperial Age
27:14 Scale Barding Armor
27:35 Ballistics
28:55 Chain Barding Armor
29:05 Gold Mining
29:32 Forging
31:05 Padded Archer Armor
30:49 Hussar
32:42 Conscription
33:27 Gold Shaft Mining
32:42 Stone Mining
35:25 Stone Shaft Mining
34:46 Fletching
34:57 Padded Archer Armor
36:30 Chemistry
36:02 Elite Mangudai
37:55 Bodkin Arrow
38:15 Leather Archer Armor
38:53 Bracer
43:34 Iron Casting
46:46 Blast Furnace
46:26 Thumb Ring
47:37 Caravan
爱种点小田
10:08 Feudal Age
11:08 Horse Collar
14:23 Castle Age
12:35 Double-Bit Axe
15:30 Bow Saw
15:23 Heavy Plow
20:13 Wheelbarrow
21:29 Hand Cart
22:54 Gold Mining
23:59 Stone Mining
27:21 Imperial Age
25:49 Stone Shaft Mining
25:19 Treadmill Crane
25:55 Scale Barding Armor
27:04 Chain Barding Armor
27:06 Forging
27:52 Szlachta Privileges
28:32 Crop Rotation
28:36 Conscription
27:37 Cavalier
28:18 Husbandry
28:28 Bloodlines
29:30 Chemistry
29:53 Iron Casting
29:48 Loom
31:50 Blast Furnace
31:42 Fletching
31:40 Arrowslits
32:36 Siege Engineers
32:52 Ballistics
34:13 Masonry
34:32 Scale Mail Armor
34:24 Pikeman
35:05 Squires
36:56 Chain Mail Armor
37:28 Bodkin Arrow
39:40 Plate Mail Armor
44:22 Bracer
洋
10:34 Feudal Age
11:34 Double-Bit Axe
13:28 Loom
16:13 Castle Age
15:36 Horse Collar
25:27 Heavy Plow
25:42 Bow Saw
26:37 Treadmill Crane
27:12 Fortified Wall
27:24 Ballistics
28:29 Loom
32:20 Imperial Age
30:44 Pikeman
31:24 Squires
31:10 Arson
31:11 Gambesons
30:51 Crossbowman
32:07 Forging
31:57 Scale Mail Armor
32:56 Capped Ram
34:35 Halberdier
36:28 Arbalester
37:13 Fletching
37:24 Padded Archer Armor
38:58 Masonry
40:39 Bodkin Arrow
Busy Dingo
10:41 Feudal Age
14:12 Castle Age
12:17 Double-Bit Axe
13:06 Horse Collar
15:43 Bow Saw
17:03 Heavy Plow
21:29 Wheelbarrow
22:17 Gold Mining
22:29 Stone Mining
26:11 Hand Cart
25:43 Town Watch
25:44 Loom
27:10 Gold Shaft Mining
27:14 Stone Shaft Mining
30:48 Imperial Age
28:26 Scale Barding Armor
28:32 Forging
28:13 Fletching
28:21 Murder Holes
31:01 Chain Barding Armor
30:38 Bodkin Arrow
31:19 Iron Casting
31:07 Ballistics
30:58 Masonry
31:59 Conscription
31:00 Elite War Elephant
31:32 Elite War Elephant
32:33 Conscription
32:54 Padded Archer Armor
33:31 Plate Barding Armor
38:35 Kamandaran
39:11 Crossbowman
39:57 Thumb Ring
40:54 Blast Furnace
39:55 Padded Archer Armor
41:04 Chemistry
40:35 Architecture
46:40 Leather Archer Armor
lequochuypy96
10:34 Feudal Age
11:12 Feudal Age
12:28 Double-Bit Axe
12:25 Horse Collar
12:37 Gold Mining
15:27 Castle Age
14:59 Wheelbarrow
16:50 Bow Saw
17:01 Heavy Plow
21:53 Hand Cart
21:26 Loom
24:08 Stone Mining
25:45 Stone Shaft Mining
29:59 Imperial Age
27:49 Pikeman
28:43 Bloodlines
28:39 Scale Barding Armor
28:44 Forging
28:50 Masonry
28:50 Fortified Wall
29:44 Chain Barding Armor
30:55 Iron Casting
30:04 Cavalier
32:04 Plate Barding Armor
32:33 Chemistry
32:20 Crop Rotation
32:54 Two-Man Saw
32:17 Paladin
35:05 Blast Furnace
37:59 Conscription
38:16 Hoardings
38:22 Fletching
39:05 Crenellations
39:05 Ironclad
42:48 Scale Mail Armor
42:09 Halberdier
42:50 Squires
42:35 Arson
42:47 Bodkin Arrow
Arch1tect
12:49 Feudal Age
16:43 Castle Age
14:41 Horse Collar
21:05 Imperial Age
19:54 Double-Bit Axe
41:39 Bow Saw
46:41 Wheelbarrow
45:51 Loom
bthi68153
4:55 Loom
11:02 Feudal Age
16:32 Castle Age
14:32 Horse Collar
15:11 Double-Bit Axe
16:03 Gold Mining
23:39 Forging
25:41 Light Cavalry
27:41 Bloodlines
27:33 Husbandry
30:36 Pikeman
31:17 Squires
35:08 Imperial Age
33:31 Scale Mail Armor
37:25 Bow Saw
37:01 Halberdier
38:36 Chain Mail Armor
41:11 Wheelbarrow
40:38 Winged Hussar
40:41 Elite Skirmisher
42:01 Padded Archer Armor
41:52 Fletching
43:04 Leather Archer Armor
43:34 Iron Casting
45:42 Scale Barding Armor
47:57 Ring Archer Armor
48:55 Chemistry
48:56 Bodkin Arrow
49:50 Chain Barding Armor
Connection lost

Rejoining the realm…

Still unreachable

The connection could not be restored.

Session expired

The server has moved on; the page needs a fresh start.